 Dungeon Crawl Stone Soup version 0.28.0-53-g5a82cb258f (webtiles) character file.

Game seed: 2679176806362682427

280 GigaChad the Slasher (level 6, 0/51 HPs)
             Began as a Minotaur Gladiator on Aug 22, 2022.
             Was an Initiate of Ashenzari.
             Slain by Pikel
             ... wielding a +0 whip of electrocution
              (6 damage)
             ... on level 4 of the Dungeon.
             The game lasted 00:07:47 (2866 turns).

GigaChad the Slasher (Minotaur Gladiator)           Turns: 2866, Time: 00:07:47

Health: 0/51       AC:  9    Str: 27    XL:     6   Next: 5%
Magic:  5/5        EV: 11    Int:  5    God:    Ashenzari [......]
Gold:   1          SH:  0    Dex: 13    Spells: 5/5 levels left

rFire   . . .      SeeInvis .   l - +8 hand axe of Wyrd {drain, Dex+2}
rCold   . . .      Faith    .   (no shield)
rNeg    . . .      Spirit   .   m - +0 scale mail
rPois   .          Reflect  .   c - +0 hat
rElec   .          Harm     .   (no cloak)
rCorr   .          Rampage  .   n - +2 pair of gloves
Will    .....                   (no boots)
Stlth   ..........              (no amulet)
HPRegen 0.17/turn               e - +6 ring of strength
MPRegen 0.09/turn               (no ring)

@: slowed, very slow
A: horns 2, retaliatory headbutt
a: Renounce Religion


You were on level 4 of the Dungeon.
You worshipped Ashenzari.
Ashenzari was noncommittal.
You visited 1 branch of the dungeon, and saw 4 of its levels.

You collected 91 gold pieces.
You spent 90 gold pieces at shops.

Inventory:

Hand Weapons
 a - a +0 long sword
 l - the +8 hand axe of Wyrd (weapon) {drain, Dex+2}
   (You found it on level 3 of the Dungeon)

   A truly terrible weapon, it drains the life of any living foe it strikes.
   Dex:       It affects your dexterity (+2).
Missiles
 d - 5 throwing nets (quivered)
 h - 4 poisoned darts
 i - 5 curare-tipped darts
Armour
 b - a +0 leather armour
 c - a +0 hat (worn)
 m - a +0 scale mail (worn)
 n - a +2 pair of gloves (worn)
Jewellery
 e - a +6 ring of strength (left hand)
Scrolls
 f - 4 scrolls of identify {unknown}
 g - a scroll of teleportation {unknown}
 o - a scroll of enchant armour
 p - a scroll of blinking {unknown}
Potions
 j - a potion of magic {unknown}
 k - a potion of brilliance {unknown}


   Skills:
 + Level 3.5 Fighting
 + Level 5.4 Long Blades
 + Level 2.1 Axes
 + Level 2.0 Throwing
 + Level 3.1 Armour
 + Level 3.9 Dodging
 + Level 1.4 Stealth


You had 5 spell levels left.
You didn't know any spells.
Your spell library was empty.

Dungeon Overview and Level Annotations

Branches:
Dungeon (4/15)
 Temple: D:4-7

Altars:
Ashenzari
Cheibriados
Fedhas
Nemelex Xobeh
Okawaru
Ru
Vehumet
Wu Jian
Yredelemnul

Shops:
D:4 ?

Annotations:
D:4 Pikel


Innate Abilities, Weirdness & Mutations

You have a pair of horns on your head.
You reflexively headbutt those who attack you in melee.


Message History

The lemure closely misses you.
You see here a fizzy white potion.
You barely miss the lemure. Okawaru sends forces against you!
The divine experience drains your vigour!
You feel yourself slow down.
A cyclops and an ogre come into view.
You slash the lemure! Your headbutt misses the lemure.
The lemure is moderately wounded.
You slash the lemure! You hit the lemure but do no damage.
The lemure hits you but does no damage. The lemure hits you.
The lemure barely misses you. The lemure completely misses you.
You hit Pikel. You drain Pikel.
Pikel is moderately wounded.
You barely miss the lemure. You hit the lemure. The lemure closely misses you.
Pikel completely misses you. The lemure hits you!
Pikel hits you but does no damage.
You are electrocuted!
The lemure hits you but does no damage. x2
You miss Pikel. You headbutt Pikel, but do no damage.
Pikel is moderately wounded.
You hit the lemure. You hit the cyclops but do no damage.
You hit the lemure but do no damage. You slash the lemure!
The lemure barely misses you. You furiously retaliate!
You headbutt the lemure. The lemure hits you but does no damage.
Pikel hits you but does no damage. The lemure closely misses you.
You furiously retaliate!
You headbutt the lemure. The cyclops hits you!
* * * LOW HITPOINT WARNING * * *
The lemure hits you but does no damage.
You hit Pikel.
Pikel is moderately wounded.
You hit the lemure. You slash the lemure! You hit the cyclops.
You drain the cyclops. You hit the lemure.
The lemure hits you but does no damage.
Pikel hits you with a +0 whip of electrocution.
* * * LOW HITPOINT WARNING * * *
The lemure hits you but does no damage. The cyclops hits you.
* * * LOW HITPOINT WARNING * * *
The lemure barely misses you. You furiously retaliate!
You headbutt the lemure!
Pikel hits you with a +0 whip of electrocution.
You die...

<...........
..##....###...........#
..........#...........#
#.........#...$.......#
.(........##..........#
......................#
##........#...........# ..
...............55.....# .......
(#.... #...5K@C....# .......
.....# #..(O#5.#######....(...
....## ..... ##.##.............
.....# .##. #...............#
.....# #.## #....###...........#
.....# #..#........ #...........#
.....##..##.........#...†.......#
........# #.....................#
....#..####.###.....#...........#


You could see a cyclops (drained), Pikel (drained), an ogre and 4 lemures.

Vanquished Creatures
  An orc priest (D:3)
  A centaur skeleton (D:4)
  An iron imp (D:4)
  Natasha (thrice) (D:3)
  An orc wizard (D:3)
  3 adders (D:3)
  A worm (D:2)
  3 dart slugs
  4 orcs (D:3)
  4 endoplasms
  2 giant cockroaches
  4 goblins
  6 hobgoblins
  3 jackals (D:2)
  4 kobolds
  3 quokkas
  3 ball pythons
  5 bats
  4 frilled lizards
  3 rats
59 creatures vanquished.

Notes
Turn   | Place    | Note
-------+----------+-------------------------------------------
     0 | D:1      | GigaChad the Minotaur Gladiator began the quest for the
                  | Orb.
     0 | D:1      | Reached XP level 1. HP: 18/18 MP: 0/0
   342 | D:1      | Found a faded altar of an unknown god.
   351 | D:1      | Prayed at the altar of an unknown god.
   351 | D:1      | Became a worshipper of Warmaster Okawaru
   351 | D:1      | Reached * piety under Okawaru
   571 | D:1      | Reached skill level 4 in Long Blades
   639 | D:1      | Reached XP level 2. HP: 16/25 MP: 1/1
  1173 | D:2      | Reached XP level 3. HP: 30/30 MP: 2/2
  1655 | D:3      | Reached skill level 1 in Armour
  1707 | D:3      | Identified the +8 hand axe of Wyrd {drain, Dex+2}
  1804 | D:3      | Found a sparkling altar of Nemelex Xobeh.
  1866 | D:3      | Noticed Natasha
  1870 | D:3      | Killed Natasha
  1871 | D:3      | Reached skill level 1 in Stealth
  1871 | D:3      | Reached XP level 4. HP: 38/38 MP: 3/3
  1922 | D:3      | Found an ornate altar of the Wu Jian Council.
  1998 | D:3      | Reached skill level 5 in Long Blades
  1998 | D:3      | Reached XP level 5. HP: 43/45 MP: 4/4
  2073 | D:3      | Reached skill level 1 in Axes
  2169 | D:3      | Found a radiant altar of Vehumet.
  2411 | D:3      | Noticed Natasha
  2422 | D:3      | Killed Natasha
  2464 | D:3      | Noticed Natasha
  2469 | D:3      | Killed Natasha
  2525 | D:3      | Found a broken altar of Ashenzari.
  2530 | D:3      | Found a basalt altar of Yredelemnul.
  2537 | D:3      | Found a blossoming altar of Fedhas.
  2554 | D:3      | Fell from the grace of Okawaru
  2554 | D:3      | Became a worshipper of Ashenzari the Shackled
  2701 | D:4      | Found a sacrificial altar of Ru.
  2738 | D:4      | Found Omabeq's Magic Scroll Shoppe.
  2757 | D:4      | Bought a scroll of enchant armour for 90 gold pieces
  2807 | D:4      | Found a snail-covered altar of Cheibriados.
  2820 | D:4      | Reached XP level 6. HP: 51/51 MP: 5/5
  2860 | D:4      | Noticed Pikel
  2863 | D:4      | Noticed a cyclops
  2866 | D:4      | Slain by Pikel

Illustrated notes

Levels and vault maps discovered:
D:1:      zaba_arrival_water, layout_basic, ebering_ecumenical_altar_petrified,
          serial_rivers, chequers_serial_rivers_micro_c,
          chequers_serial_rivers_small_3, chequers_serial_rivers_micro_d,
          chequers_serial_rivers_large_a, chequers_serial_rivers_marsh
D:2:      layout_basic
D:3:      layout_basic, nicolae_wu_jian_immortal_techniques,
          nemelex_diamond_rough_becter, marbit_many_paths,
          minmay_overflow_temple_star_quad, uniq_natasha
D:4:      layout_rooms, slow_altar_1, nicolae_overflow_crystal_walls,
          serial_shops, nicolae_shop_statue_plus, uniq_pikel

Skill      XL: |  1  2  3  4  5 |
---------------+----------------+-----
Long Blades    | 4 5 |  5.4
Armour         | 1 2 3 |  3.1
Fighting       | 3 |  3.5
Stealth        | 1 |  1.4
Axes           | 2 |  2.1
Throwing       | |  2.0
Dodging        | |  3.9

Action                   |  1- 3 |  4- 6 || total
-------------------------+-------+-------++-------
Melee: Long sword        |    55 |       ||    55
       Headbutt          |     9 |     5 ||    14
       Hand axe          |     5 |    56 ||    61
       Punch             |       |     3 ||     3
  Use: Scroll            |     1 |       ||     1
 Stab: Sleeping          |     1 |       ||     1
Armor: Leather armour    |    25 |     9 ||    34
       Scale mail        |       |    16 ||    16
Dodge: Dodged            |    52 |    43 ||    95
